 Dungeon Crawl Stone Soup version 0.31-a0-151-ge443d1f16c (webtiles) character file.

Game seed: 13569793155451957400

630 qw the Shooter (level 7, -4/44 HPs)
             Began as a Gargoyle Hunter on June 8, 2023.
             Was an Initiate of Okawaru.
             Slain by a water moccasin (6 damage)
             ... on level 5 of the Dungeon.
             The game lasted 00:01:32 (4024 turns).

qw the Shooter (Gargoyle Hunter)                    Turns: 4024, Time: 00:01:33

Health: -4/44      AC: 15    Str: 15    XL:     7   Next: 48%
Magic:  7/7        EV: 16    Int:  9    God:    Okawaru [......]
Gold:   328        SH:  0    Dex: 15    Spells: 6/6 levels left

rFire   . . .        Y - +1 shortbow
rCold   . . .        (shield currently unavailable)
rNeg    + . .        a - +0 ring mail
rPois   inf          k - +0 helmet
rElec   +            q - +2 cloak
rCorr   .            (no gloves)
SInv    .            i - +0 pair of boots
Will    +....        (no amulet)
Stlth   +            h - ring of willpower
HPRegen 0.27/turn    b - +5 ring of evasion
MPRegen 0.10/turn

%: no passive effects
@: about to teleport
A: sickness immunity, AC +4, negative energy resistance 1, electricity
resistance, torment resistance 1, petrification resistance
a: Renounce Religion


You were on level 5 of the Dungeon.
You worshipped Okawaru.
Okawaru was noncommittal.
You visited 2 branches of the dungeon, and saw 7 of its levels.

You collected 328 gold pieces.


Innate Abilities, Weirdness & Mutations

You are immune to sickness and miasma.
Your stone body is resilient. (AC +4)
You are immune to poison.
You resist negative energy. (rN+)
You are resistant to electric shocks. (rElec)
You are resistant to unholy torment.
You are immune to petrification.


   Skills:
 - Level 4.6 Fighting
 + Level 7.4 Ranged Weapons
 - Level 3.0 Armour
 - Level 1.5 Dodging
 - Level 1.1 Stealth


You had 6 spell levels left.
You didn't know any spells.
Your spell library was empty.

Inventory:

Hand Weapons
 Y - a +1 shortbow (weapon)
Armour
 a - a +0 ring mail (worn)
 i - a +0 pair of boots (worn)
 k - a +0 helmet (worn)
 q - a +2 cloak (worn)
Jewellery
 b - a +5 ring of evasion (right hand)
 d - a ring of ice
 h - a ring of willpower (left hand)
Scrolls
 f - a scroll of identify
Potions
 c - a potion of curing {unknown}
 g - a potion of ambrosia {unknown}
 j - a potion of degeneration {unknown}
 l - a potion of haste {unknown}
 m - a potion of cancellation {unknown}
 o - a potion of attraction {unknown}

Dungeon Overview and Level Annotations

Branches:
Dungeon (6/15)             Temple (1/1) D:5

Altars:
Ashenzari
Cheibriados
Elyvilon
Fedhas
Gozag
Hepliaklqana
Kikubaaqudgha
Makhleb
Nemelex Xobeh
Okawaru
Qazlal
Ru
Sif Muna
Uskayaw
Vehumet
Wu Jian
Xom
Yredelemnul
Zin
The Shining One

Shops:
D:2 =


Message History

The water moccasin misses you. Something completely misses you.
The orc closely misses you. The shadow imp gestures at you.
Pain shoots through your body!
The orc priest hits you but does no damage.
The orc hits you with a +0 hand axe. The water moccasin closely misses you.
You shoot an arrow. The arrow hits the orc priest.
The orc priest is moderately wounded.
The water moccasin closely misses you. Something hits you but does no damage.
The orc closely misses you. x2; The shadow imp completely misses you.
The orc priest barely misses you.
You shoot an arrow.
The arrow closely misses the orc priest.
The water moccasin misses you. Something hits you but does no damage.
The orc misses you. The shadow imp misses you.
The orc priest hits you with a +0 flail.
The orc barely misses you.
The water moccasin bites you but does no damage.
You shoot an arrow.
The arrow hits the orc priest but does no damage.
The orc priest is moderately wounded.
The water moccasin bites you but does no damage.
Something completely misses you. The orc closely misses you.
The orc barely misses you. The shadow imp closely misses you.
The orc priest misses you.
You shoot an arrow. The arrow hits the orc priest!
The orc priest is severely wounded.
The water moccasin bites you but does no damage.
Something hits you but does no damage. The orc hits you with a +0 mace.
The shadow imp misses you. The orc priest closely misses you.
The orc barely misses you. The water moccasin bites you.
4024 ||| READING scroll of teleportation.
As you read the scroll of teleportation, it crumbles to dust.
You feel strangely unstable. The water moccasin misses you.
Something hits you but does no damage. The orc hits you with a +0 mace.
The shadow imp hits you but does no damage.
The orc priest hits you with a +0 flail.
The orc hits you with a +0 hand axe. The water moccasin bites you.
You die...

#........ #........
#........
##################...####
#....#...........#...#...
#....#...........##......
#....'...................
#....#.%.o...........>.P.
#....#.{@S.........P.....
#....#.5oo...............
######...................
#....#.........###'###...
#....#.........#.....#...
#....#.........#.....#...
#....#.........#.....#...
#....#.........#.....#...
#....'.........#.....#...


You could see a water moccasin, an orc priest, a shadow imp and 2 orcs.

Vanquished Creatures
  2 black bears (D:4)
  An ogre (D:5)
  A hound (D:6)
  A jelly (D:5)
  2 orc priests (D:5)
  2 sleepcaps
  An orc wizard (D:5)
  Robin (D:2)
  6 adders
  A dart slug (D:2)
  13 orcs
  5 ball pythons
  3 endoplasms
  5 giant cockroaches
  11 goblins
  11 hobgoblins
  11 jackals
  3 kobolds
  4 quokkas
  8 bats
  2 frilled lizards (D:3)
  2 rats
96 creatures vanquished.

Notes
Turn   | Place    | Note
-------+----------+-------------------------------------------
     0 | D:1      | qw the Gargoyle Hunter began the quest for the Orb.
     0 | D:1      | Reached XP level 1. HP: 12/12 MP: 1/1
     0 | D:1      | 0 ||| qw: Version: 0.2-a-120-gdf1a93b
     0 | D:1      | 0 ||| qw: Game counter: 3036
     0 | D:1      | 0 ||| qw: Always use a shield: true
     0 | D:1      | 0 ||| qw: God list: Okawaru
     0 | D:1      | 0 ||| qw: Allow faded altars: false
     0 | D:1      | 0 ||| qw: Do Orc after D:15 true
     0 | D:1      | 0 ||| qw: Do second Lair branch before Depths: true
     0 | D:1      | 0 ||| qw: Lair rune preference: random
     0 | D:1      | 0 ||| qw: Plans: Normal
     0 | D:1      | 0 ||| PLANNING D:1-11
    95 | D:1      | Reached XP level 2. HP: 17/17 MP: 2/2
   621 | D:1      | 621 ||| UPGRADING to ring of willpower.
   622 | D:1      | 622 ||| READING scroll labelled DIAMAIZXUC.
   623 | D:1      | 623 ||| READING scroll labelled JUG ZEIC WELYF.
   724 | D:1      | 724 ||| READING scroll labelled USAOSU YQESCHE.
   725 | D:1      | 725 ||| READING scroll labelled XUBUIN HEFIM.
   728 | D:1      | 728 ||| DROPPING scroll of butterflies.
   795 | D:2      | Reached XP level 3. HP: 21/21 MP: 3/3
   882 | D:2      | Found Cekhloilu's Jewellery Emporium.
   888 | D:2      | 888 ||| SHOPLISTING +4 ring of protection (360 gold, have
                  | 138).
   888 | D:2      | 888 ||| SHOPLISTING +6 ring of dexterity (360 gold, have
                  | 138).
   888 | D:2      | 888 ||| SHOPLISTING ring "Latzeph" {rF+ rN+ rCorr Int-2
                  | Dex+4} (424 gold, have 138).
   888 | D:2      | 888 ||| SHOPLISTING ring of ice (250 gold, have 138).
   888 | D:2      | 888 ||| SHOPLISTING ring of protection from fire (250 gold,
                  | have 138).
   888 | D:2      | 888 ||| SHOPLISTING ring of resist corrosion (200 gold,
                  | have 138).
   918 | D:2      | Reached skill level 5 in Ranged Weapons
  1220 | D:2      | Noticed Robin
  1221 | D:2      | 1221 ||| Stepping ~*~*~tactically~*~*~ (outnumbered).
  1223 | D:2      | 1223 ||| Stepping ~*~*~tactically~*~*~ (outnumbered).
  1238 | D:2      | Killed Robin
  1239 | D:2      | Reached skill level 3 in Fighting
  1295 | D:2      | Found a faded altar of an unknown god.
  1387 | D:2      | Reached XP level 4. HP: 28/28 MP: 4/4
  1481 | D:2      | 1481 ||| UPGRADING to +0 pair of boots.
  1486 | D:2      | 1486 ||| UPGRADING to +0 helmet.
  1491 | D:2      | 1491 ||| READING scroll labelled ZOTWUSTESA.
  1492 | D:2      | 1492 ||| READING scroll labelled DOHURAVIUNN.
  1493 | D:2      | 1493 ||| READING scroll labelled CYUVVA OV WET.
  1623 | D:3      | Found a hazy altar of Hepliaklqana.
  1623 | D:3      | Found a sacrificial altar of Ru.
  1661 | D:3      | Reached skill level 1 in Armour
  1697 | D:3      | 1697 ||| FLEEEEING.
  1698 | D:3      | 1698 ||| FLEEEEING.
  2025 | D:3      | 2025 ||| UPGRADING to +0 ring mail.
  2035 | D:3      | 2035 ||| DROPPING +0 leather armour.
  2036 | D:3      | 2036 ||| READING scroll labelled DIGENL UDIKA.
  2238 | D:4      | Noticed a black bear
  2249 | D:4      | Killed a black bear
  2250 | D:4      | Reached skill level 6 in Ranged Weapons
  2250 | D:4      | Reached XP level 5. HP: 12/32 MP: 5/5
  2489 | D:4      | Reached XP level 6. HP: 23/38 MP: 6/6
  2617 | D:4      | Noticed a black bear
  2641 | D:4      | Killed a black bear
  2996 | D:4      | 2996 ||| UPGRADING to +2 cloak.
  3001 | D:4      | 3001 ||| UPGRADING to +5 ring of evasion.
  3002 | D:4      | 3002 ||| READING scroll labelled NINOPS BUTT.
  3003 | D:4      | 3003 ||| READING 2 scrolls labelled GEARAE YZENNI.
  3004 | D:4      | 3004 ||| READING scroll labelled DUOCUN SOVVEUL.
  3005 | D:4      | 3005 ||| DROPPING scroll of amnesia.
  3033 | D:5      | Entered Level 5 of the Dungeon
  3079 | D:5      | Reached skill level 3 in Armour
  3079 | D:5      | Reached XP level 7. HP: 38/44 MP: 7/7
  3147 | D:5      | Found a staircase to the Ecumenical Temple.
  3148 | D:5      | 3148 ||| PLANNING TEMPLE
  3156 | Temple   | Entered the Ecumenical Temple
  3161 | Temple   | 3161 ||| PLANNING OKAWARU WORSHIP
  3262 | Temple   | Became a worshipper of Warmaster Okawaru
  3262 | Temple   | 3262 ||| PLANNING D:1-11
  3635 | D:5      | Reached skill level 7 in Ranged Weapons
  3891 | D:5      | Identified the +0 robe of the Chupacabra {rElec rC- Str+2
                  | Int+3}
  3932 | D:5      | 3932 ||| DROPPING +0 robe of the Chupacabra {rElec rC-
                  | Str+2 Int+3}.
  3967 | D:6      | 3967 ||| STAIRDANCE
  4014 | D:6      | 4014 ||| STAIRDANCE
  4023 | D:5      | HP: 11/44 [orc/+0 mace (5)]
  4024 | D:5      | 4024 ||| READING scroll of teleportation.
  4024 | D:5      | HP: 2/44 [orc/+0 hand axe (4)]
  4024 | D:5      | Slain by a water moccasin

Levels and vault maps discovered:
D:1:      dpeg_arrival_boxes_within_box, layout_basic, minmay_misc_feat_pillars
D:2:      layout_loops_ring, serial_shops, shop, basic_ecumenical_altar,
          grunt_decor_arrowhead, minmay_misc_feat_doors, minmay_close_crescents,
          uniq_robin
D:3:      layout_basic, gammafunk_temple_overflow_elements
D:4:      wander_river, layout_basic, hex_medium, kennysheep_generic_room_10
D:5:      layout_gridville, minmay_temple_entry_overgrown, sigmund_army
D:6:      layout_cave_pools, uniq_pikel
Temple:   mainiacjoe_temple_coin_purse

Skill      XL: |  1  2  3  4  5  6  7 |
---------------+----------------------+-----
Ranged Weapons | 5 6 7 |  7.4
Fighting       | 3 4 |  4.6
Armour         | 1 3 |  3.0
Dodging        | |  1.5
Stealth        | |  1.1

Action                     |  1- 3 |  4- 6 |  7- 9 || total
---------------------------+-------+-------+-------++-------
   Fire: Shortbow          |   103 |   165 |    79 ||   347
    Use: Scroll            |     4 |     7 |     1 ||    12
 Armour: Leather armour    |    10 |    14 |       ||    24
         Ring mail         |       |    70 |    37 ||   107
  Dodge: Dodged            |    29 |    74 |   108 ||   211

Table legend:
 A = Non-vault XP
 B = Vault XP
 C = Vault XP percentage of total XP
 D = Non-vault monster count
 E = Vault monster count
 F = Vault count percentage of total count
                 A         B        C        D         E       F
            +---------+---------+-------+---------+---------+-------
      Total |     822 |      79 |   8.8 |      81 |      15 |  15.6
            +---------+---------+-------+---------+---------+-------
        D:1 |      30 |       0 |   0.0 |      17 |       0 |   0.0
        D:2 |      26 |      32 |  55.2 |      13 |      10 |  43.5
        D:3 |      32 |       0 |   0.0 |      17 |       0 |   0.0
        D:4 |     343 |      39 |  10.2 |      15 |       1 |   6.2
        D:5 |     348 |       8 |   2.2 |      18 |       4 |  18.2
        D:6 |      43 |       0 |   0.0 |       1 |       0 |   0.0
            +---------+---------+-------+---------+---------+-------
